 Dungeon Crawl Stone Soup version 0.30.1-4-g462c640d31 (webtiles) character file.

Game seed: 15921545554949504632

12330 MorBilly the Thaumaturge (level 12, -4/77 (83) HPs)
             Began as a Djinni Hedge Wizard on Aug 1, 2023.
             Was a Believer of Makhleb.
             Killed from afar by an orc sorcerer (35 damage)
             ... with a bolt of negative energy
             ... on level 2 of the Orcish Mines on Sept 9, 2023.
             The game lasted 05:12:49 (14103 turns).

MorBilly the Thaumaturge (Djinni Hedge Wizard)     Turns: 14103, Time: 05:13:01

HP:   -4/77 (83)    AC:  7    Str: 17    XL:     12   Next: 18%
Gold: 577           EV: 17    Int: 23    God:    Makhleb [**....] SH:  0 Dex: 11

rFire   + + .        z - +5 trident
rCold   x . .        (no shield)
rNeg    . . .        y - +1 robe {Will+}
rPois   ∞            c - +0 hat
rElec   .            e - +1 cloak
rCorr   .            s - +0 pair of gloves
SInv    +            (boots unavailable)
Will    +++..        (no amulet)
Stlth   +++          i - ring of wizardry
HPRegen 0.32/turn    K - ring of Vodka {EV+5 Str+2 Int+4 SInv Stlth+}
MPRegen 0.00/turn

%: random rage (3%), wizardry (x1), infuse magic (-5 HP)
@: flying, drained
A: sickness immunity, fire resistance 2, cold vulnerability 1, float, innate
caster, HP casting, extra vitality 1, berserk 1, strong-willed 1, sense
surroundings 1, strong 1
a: Renounce Religion, Minor Destruction


You were on level 2 of the Orcish Mines.
You worshipped Makhleb.
Makhleb was pleased with you.
You visited 3 branches of the dungeon, and saw 12 of its levels.

You collected 577 gold pieces.

Inventory:

Hand Weapons
 a - a +0 arbalest
 w - a +2 dire flail of protection
 x - a +3 scimitar of freezing
 z - a +5 trident (weapon)
 A - a +3 great sword
 G - a +2 rapier of speed
 I - a +2 battleaxe of venom
Missiles
 b - a curare-tipped dart
 k - 10 poisoned darts
 m - a throwing net
Armour
 c - a +0 hat (worn)
 e - a +1 cloak (worn)
 s - a +0 pair of gloves (worn)
 y - a +1 robe of willpower (worn)
 H - +0 acid dragon scales
 M - a +1 robe of resistance
 N - +0 acid dragon scales
Magical Staves
 f - a staff of conjuration
 J - a staff of death
 L - a staff of earth
Jewellery
 i - a ring of wizardry (left hand)
 j - a ring of resist corrosion
 r - a ring of ice
 u - a ring of see invisible
 K - the ring of Vodka (right hand) {EV+5 Str+2 Int+4 SInv Stlth+}
   (You found it on level 9 of the Dungeon)

   [ring of evasion]

   EV:        It affects your evasion (+5).
   Str:       It affects your strength (+2).
   Int:       It affects your intelligence (+4).
   SInv:      It lets you see invisible.
   Stlth:     It makes you more stealthy.
Wands
 d - a wand of iceblast (9)
 l - a wand of mindburst (5) (quivered)
 q - a wand of flame (23)
 D - a wand of polymorph (7)
Scrolls
 h - a scroll of fog
 n - 4 scrolls of identify
 t - a scroll of vulnerability
 C - a scroll of teleportation
Potions
 g - a potion of heal wounds
 o - a potion of attraction
 p - 2 potions of might
 v - a potion of berserk rage
 B - a potion of haste
 E - 3 potions of mutation
 F - a potion of invisibility


   Skills:
 - Level 6.0 Fighting
 - Level 0.3(4.6) Short Blades
 - Level 7.4 Long Blades
 + Level 7.4 Armour
 - Level 2.2 Dodging
 - Level 1.6 Stealth
 * Level 10.5 Spellcasting
 - Level 4.0 Evocations


You knew the following spells:

 Your Spells              Type           Power      Damage    Failure   Level
a - Magic Dart            Conj           100%       1d8       1%          1
b - Slow                  Hex            100%       N/A       1%          1
c - Blink                 Tloc           100%       N/A       1%          2
d - Call Imp              Summ           100%       N/A       1%          2
e - Mephitic Cloud        Conj/Pois/Air  57%        N/A       1%          3
f - Kiss of Death         Conj/Necr      100%       2d13      1%          1
g - Scorch                Fire           100%       2d9       1%          2
h - Ozocubu's Armour      Ice            57%        N/A       1%          3
i - Swiftness             Air            57%        N/A       1%          3
j - Summon Mana Viper     Hex/Summ       57%        N/A       1%          5
Your spell library was empty.

Dungeon Overview and Level Annotations

Branches:
Dungeon (9/15)             Temple (1/1) D:4             Orc (2/2) D:9
   Lair: D:8-11         Elf: Orc:2

Altars:
Cheibriados
Dithmenos
Elyvilon
Fedhas
Gozag
Hepliaklqana
Makhleb
Nemelex Xobeh
Okawaru
Qazlal
Ru
Trog
Uskayaw
Wu Jian
Xom
Yredelemnul
Zin
The Shining One

Shops:
D:6 *   D:9 (

Annotations:
D:9 exclusion: cyclops


Innate Abilities, Weirdness & Mutations

You are immune to sickness and miasma.
You are immune to poison.
Your flesh is very heat resistant. (rF++)
You are vulnerable to cold. (rC-)
You float through the air rather than walking.
You learn spells naturally, not from books.
Your magical power is your life essence.
You have superior vitality. (+4 MHP)
You sometimes lose your temper in combat.
You are strong-willed. (Will+)
You passively map a small area around you.
Your muscles are strong. (Str +4, Int/Dex -1)


Message History

Aiming: Mephitic Cloud (safe; 1% risk of failure)
Press: ? - help, Shift-Dir - straight line, f - orc sorcerer
Aim: an orc sorcerer, wielding a +0 dagger and wearing a +0 robe (chance to affect: 58%)
The ball explodes into a vile cloud!
The stinking cloud engulfs the orc sorcerer but does no damage.
The stinking cloud engulfs the orc warrior but does no damage.
The orc warrior is severely wounded.
Your cerulean imp hits the orc warrior from afar with a +1 spear.
The orc sorcerer is engulfed in noxious fumes.
The orc warrior is engulfed in noxious fumes.
The orc warrior appears confused.
The orc warrior is engulfed in noxious fumes.
The orc warrior appears confused.
Your mana viper barely misses the orc sorcerer.
Unknown command.
Casting: Mephitic Cloud (safe; 1% risk of failure)
Confirm with . or Enter, or press ? or * to list all spells.
Flames lash the orc sorcerer.
The orc sorcerer is lightly wounded.
The orc sorcerer's fire resistance burns away.
Your mana viper bites the orc sorcerer.
The orc sorcerer's magic leaks into the air.
Your cerulean imp hits the orc warrior but does no damage.
The orc sorcerer hits you with a +0 dagger.
The orc warrior is engulfed in noxious fumes.
The orc warrior hits your cerulean imp with a +0 mace!
The orc warrior is engulfed in noxious fumes.
The orc warrior appears confused.
The orc warrior closely misses you.
Unknown command.
Unknown command.
Casting: Scorch (safe; 1% risk of failure)
Confirm with . or Enter, or press ? or * to list all spells.
Your icy armour will break if you move.
Continue?
You blink.
Your icy armour cracks and falls away as you move.
Your mana viper closely misses the orc sorcerer.
Your cerulean imp hits the orc warrior but does no damage.
The orc sorcerer gestures at you while chanting.
The bolt of negative energy hits you!!
You feel drained.
You die...

....[.#........ * ,
*#.)......... , #.
#.......# * ,... , *
#.°))).### #...
#.)o§S...###..... ,
.......o5o§○...#.....
,
.........o○○.........
*
..$.....#.§☼...$....#*
....$.####...@...# *
##.... ###[).### * *
#..... ##...# ..$... *
...... , , ,, ,
......., ,, ,
...##....#* , ,, ..##
....# , ..# ..... ,


You could see an orc sorcerer (combustible, magic disrupted), 2 orc warriors, an
orc (confused), a friendly mana viper (summoned) and a friendly cerulean imp
(summoned).

Vanquished Creatures
  A hydra (D:9)
  A two-headed ogre (D:9)
  Pikel (D:5)
  A deep elf pyromancer (D:9)
  A cyclops (D:9)
  A wolf spider (D:9)
  A faun (shapeshifter) (D:9)
  Maurice (D:9)
  A troll (D:9)
  A hornet (D:8)
  Prince Ribbit (D:8)
  A wyvern (D:7)
  An acid dragon (D:9)
  A water moccasin (D:7)
  2 sky beasts
  4 orc warriors
  3 black bears (D:7)
  3 ogres
  3 lemures (D:5)
  A phantom (D:6)
  2 gnoll sergeants (D:9)
  A kobold brigand (D:7)
  4 bullfrogs
  4 scorpions
  7 wights
  5 killer bees (D:9)
  A howler monkey (D:5)
  2 hounds
  2 jellies
  4 orc priests
  4 iguanas
  2 sleepcaps
  6 orc wizards
  10 gnolls
  3 adders
  A shadow imp (D:8)
  A white imp (D:6)
  3 ufetubi
  2 worms (D:4)
  A dart slug (D:3)
  25 orcs
  3 ball pythons
  3 endoplasms
  2 goblins (D:3)
  4 hobgoblins
  9 quokkas
  2 bats (D:1)
  2 frilled lizards
  10 kobolds
  8 rats
163 creatures vanquished.

Vanquished Creatures (collateral kills)
  A hydra (D:9)
  2 two-headed ogres (D:9)
  A catoblepas (D:9)
  A gargoyle (D:9)
  A troll (D:9)
  A wyvern (D:9)
  3 yaks (D:9)
  An acid dragon (D:9)
  4 orc warriors
  A black bear (D:7)
  2 centaurs (D:9)
  A bullfrog (D:9)
  A wight (D:7)
  3 howler monkeys
  A hound (D:4)
  7 orc wizards
  An adder (D:4)
  12 orcs
  4 ball pythons
  2 endoplasms
  2 goblins
  2 hobgoblins
  2 kobolds
  3 rats
59 creatures vanquished.

Grand Total: 222 creatures vanquished

Notes
Turn   | Place    | Note
-------+----------+-------------------------------------------
     0 | D:1      | MorBilly the Djinni Hedge Wizard began the quest for the
                  | Orb.
     0 | D:1      | MorBilly set off with the following spells memorised: Magic
                  | Dart, Slow, Blink, Call Imp, Mephitic Cloud.
     0 | D:1      | Reached XP level 1. HP: 15/15 MP: 0/0
   204 | D:1      | Reached XP level 2. HP: 19/21 MP: 0/0
  1290 | D:2      | Reached skill level 3 in Spellcasting
  1306 | D:2      | Reached XP level 3. HP: 23/26 MP: 0/0
  1306 | D:2      | Learned a level 1 spell: Kiss of Death
  1605 | D:2      | Reached skill level 1 in Fighting
  1605 | D:2      | Reached XP level 4. HP: 19/32 MP: 0/0
  3188 | D:4      | You are sucked into a shaft and drop 1 floor!
  3188 | D:5      | Entered Level 5 of the Dungeon
  3198 | D:5      | Noticed a scorpion
  3572 | D:4      | Reached XP level 5. HP: 28/33 MP: 0/0
  3572 | D:4      | Learned a level 2 spell: Scorch
  3590 | D:4      | Found a stormy altar of Qazlal.
  3694 | D:4      | Reached skill level 4 in Spellcasting
  3836 | D:4      | Reached XP level 6. HP: 37/43 MP: 0/0
  4063 | D:4      | Found a glowing silver altar of Zin.
  4063 | D:4      | Noticed an angel
  4526 | D:4      | Found a staircase to the Ecumenical Temple.
  4534 | Temple   | Entered the Ecumenical Temple
  4592 | D:5      | Reached skill level 5 in Spellcasting
  4704 | D:5      | Noticed Pikel
  4728 | D:5      | Killed Pikel
  4729 | D:5      | Reached skill level 6 in Spellcasting
  4729 | D:5      | Reached XP level 7. HP: 35/50 MP: 0/0
  4729 | D:5      | Learned a level 3 spell: Ozocubu's Armour
  4729 | D:5      | Reached XP level 8. HP: 39/56 MP: 0/0
  4989 | D:4      | Gained mutation: You sometimes lose your temper in combat.
                  | [potion of mutation]
  4989 | D:4      | Gained mutation: You have hidden genetic potential. [potion
                  | of mutation]
  4989 | D:4      | Gained mutation: Your muscles are strong. (Str +4, Int/Dex
                  | -1) [potion of mutation]
  5977 | D:6      | Reached skill level 7 in Spellcasting
  6115 | D:6      | Found Qyre's Assorted Antiques.
  6405 | D:6      | Reached skill level 1 in Armour
  6758 | D:7      | Reached skill level 1 in Evocations
  6758 | D:7      | Reached XP level 9. HP: 57/63 MP: 0/0
  6758 | D:7      | Learned a level 3 spell: Swiftness
  6825 | D:7      | Found a white marble altar of Elyvilon.
  7050 | D:7      | Gained mutation: You passively map a small area around you.
                  | [hidden potential]
  7981 | D:7      | Reached skill level 1 in Long Blades
  8225 | D:7      | Found a burning altar of Makhleb.
  8225 | D:7      | Noticed a cacodemon
  8540 | D:7      | Became a worshipper of Makhleb the Destroyer
  8728 | D:8      | Noticed Prince Ribbit
  8743 | D:8      | Killed Prince Ribbit
  8744 | D:8      | Reached XP level 10. HP: 58/69 MP: 0/0
  8859 | D:8      | Found an iron altar of Okawaru.
  9058 | D:8      | Gained mutation: You are strong-willed. (Will+) [hidden
                  | potential]
  9058 | D:8      | Lost mutation: You have hidden genetic potential. [hidden
                  | potential expressed]
  9461 | D:8      | Found a bloodstained altar of Trog.
  9529 | D:8      | Upgraded the game from 0.30.1-3-gfc49f6343a to
                  | 0.30.1-4-g462c640d31
  9565 | D:9      | Found a shimmering altar of Xom.
  9567 | D:9      | Found a shimmering altar of Xom.
  9567 | D:9      | Found a shimmering altar of Xom.
  9567 | D:9      | Found a shimmering altar of Xom.
  9569 | D:9      | Found a shimmering altar of Xom.
  9578 | D:9      | Found a shimmering altar of Xom.
  9600 | D:9      | Noticed a two-headed ogre
  9705 | D:9      | Found Bireu's Antique Weapon Shoppe.
  9709 | D:9      | Reached skill level 5 in Long Blades
  9804 | D:9      | Noticed a cyclops
  9806 | D:9      | Killed a two-headed ogre
  9818 | D:9      | Killed a cyclops
  9917 | D:9      | Noticed a komodo dragon
  9920 | D:9      | a komodo dragon changed into a culicivora
 10229 | D:9      | Noticed Maurice
 10230 | D:9      | Noticed a deep elf pyromancer
 10411 | D:9      | Noticed a wolf spider
 10432 | D:9      | a wolf spider changed into a radroach
 10432 | D:9      | Noticed a radroach (shapeshifter)
 10520 | D:9      | Noticed a satyr
 10566 | D:9      | Reached * piety under Makhleb
 10567 | D:9      | Reached skill level 5 in Fighting
 10612 | D:9      | Noticed a two-headed ogre
 10759 | D:9      | Noticed a faun
 10760 | D:9      | Noticed a cane toad
 10964 | D:9      | Noticed a glowing orange brain
 10965 | D:9      | Noticed a death drake
 11006 | D:9      | Killed a two-headed ogre
 11007 | D:9      | Reached skill level 8 in Spellcasting
 11007 | D:9      | Reached XP level 11. HP: 71/76 MP: 0/0
 11007 | D:9      | Learned a level 5 spell: Summon Mana Viper
 11103 | D:9      | Noticed a five-headed hydra
 11111 | D:9      | Noticed a catoblepas
 11118 | D:9      | Killed a five-headed hydra
 11119 | D:9      | Reached skill level 5 in Armour
 11163 | D:9      | Noticed a shock serpent
 11165 | D:9      | Noticed an anaconda
 11169 | D:9      | an anaconda changed into an orb spider
 11169 | D:9      | Noticed an orb spider (shapeshifter)
 11344 | D:9      | Noticed a wolf spider
 11345 | D:9      | Noticed a death drake
 11346 | D:9      | a death drake changed into a steelbarb worm
 11346 | D:9      | Noticed a steelbarb worm (shapeshifter)
 11573 | D:9      | Killed Maurice
 11574 | D:9      | Reached skill level 9 in Spellcasting
 11666 | D:9      | Found a hazy altar of Hepliaklqana.
 11713 | D:9      | Killed a deep elf pyromancer
 11764 | D:9      | Noticed a wolf spider
 11771 | D:9      | Killed a wolf spider
 11828 | D:9      | Noticed a two-headed ogre
 11834 | D:9      | Killed a two-headed ogre
 11913 | D:9      | Noticed a seven-headed hydra
 11918 | D:9      | Killed a seven-headed hydra
 12110 | D:9      | Noticed a deep troll
 12470 | D:9      | Noticed a fire crab
 12555 | D:9      | a cane toad changed into a salamander
 12555 | D:9      | Noticed a salamander (shapeshifter)
 12596 | D:9      | Killed a catoblepas
 12597 | D:9      | Reached skill level 10 in Spellcasting
 12944 | D:9      | Reached XP level 12. HP: 61/83 MP: 0/0
 13030 | D:9      | Identified the ring of Vodka {EV+5 Str+2 Int+4 SInv Stlth+}
 13132 | D:9      | Found a blossoming altar of Fedhas.
 13170 | D:9      | Found a staircase to the Orcish Mines.
 13533 | D:9      | Noticed a death drake
 13737 | Orc:1    | Entered Level 1 of the Orcish Mines
 13924 | Orc:2    | Entered Level 2 of the Orcish Mines
 13948 | Orc:2    | Reached ** piety under Makhleb
 14103 | Orc:2    | Killed from afar by an orc sorcerer

Illustrated notes

Levels and vault maps discovered:
D:1:      shiori_shiawase, layout_loops_cross, serial_forest,
          infiniplex_forest_end_double, infiniplex_forest_clump_medium,
          infiniplex_forest_clump_curved, infiniplex_forest_clump_double,
          infiniplex_forest_corner_2, infiniplex_forest_straight_1,
          infiniplex_forest_lined_2, infiniplex_forest_end_2, minivault_14,
          serial_bayou_pond_b
D:2:      layout_basic, minmay_rat_gold_closets
D:3:      layout_rooms, roderic_roman_lattice, grunt_ministairs_7,
          solitary_fountain, minmay_tree_intersection, corner_web_ring,
          hangedman_decor_clover_reticule, minmay_surrounded
D:4:      layout_loops_ring, zin_angel, lemuel_doored_altar,
          minmay_temple_entry_statues_pillars
D:5:      layout_gridville, serial_glass, glass_columns_c, glass_columns_b,
          glass_columns_a, glass_columns_a, glass_columns_a, glass_columns_a,
          glass_columns_a, glass_columns_c, uniq_pikel
D:6:      layout_rooms, overflow_temple_1_default, serial_shops,
          nicolae_shop_hallway_plus, corexii_shack
D:7:      layout_gridville, old_standard_altar, makhleb_altar_promises_db
D:8:      layout_cave_pools, lemuel_coloured_pillars_altar, kennysheep_mini,
          uniq_prince_ribbit1
D:9:      minmay_the_grid_4x2 [minmay_the_grid_zigzag_pyramid,
          minmay_the_grid_eight, minmay_the_grid_minigrid_medium,
          minmay_the_grid_expand, minmay_the_grid_small_cups,
          minmay_the_grid_fan, minmay_the_grid_embedded,
          minmay_the_grid_prize_trominoes], layout_irregular_city,
          grunt_temple_overflow_growth_and_decay, xom_shifter_show,
          nzn_hepliaklqana_mist_gate, orc_0_dummy, serial_shops, shop,
          uniq_maurice
Temple:   hellmonk_temple_micro_hex
Orc:1:    layout_diamond_mine, uniq_nergalle
Orc:2:    hellmonk_orc_salted, layout_diamond_mine, serial_shops, shop_statue

Skill      XL: |  1  2  3  4  5  6  7  8  9 10 11 12 |
---------------+-------------------------------------+-----
Spellcasting   | 3 4 6 7 8 10 | 10.5
Fighting       | 1 2 3 4 5 6 |  6.0
Armour         | 1 4 6 7 |  7.4
Evocations     | 1 4 |  4.0
Long Blades    | 3 7 |  7.4
Short Blades   | |  0.3
Dodging        | |  2.2
Stealth        | |  1.6

Action                     |  1- 3 |  4- 6 |  7- 9 | 10-12 || total
---------------------------+-------+-------+-------+-------++-------
  Melee: Dagger            |     4 |       |       |       ||     4
         Staff             |    11 |     3 |       |       ||    14
         Scimitar          |       |       |     9 |    18 ||    27
         Punch             |       |       |       |     1 ||     1
         Rapier            |       |       |       |     4 ||     4
         Trident           |       |       |       |     4 ||     4
   Cast: Magic Dart        |    53 |    63 |    99 |    67 ||   282
         Slow              |    16 |    31 |    33 |    48 ||   128
         Call Imp          |    10 |    24 |    18 |    50 ||   102
         Blink             |     1 |       |     2 |     8 ||    11
         Kiss of Death     |       |     1 |     1 |       ||     2
         Scorch            |       |    12 |    79 |   103 ||   194
         Mephitic Cloud    |       |     4 |    35 |    56 ||    95
         Ozocubu's Armour  |       |       |    20 |    16 ||    36
         Swiftness         |       |       |       |     7 ||     7
         Summon Mana Viper |       |       |       |    33 ||    33
  Evoke: Wand              |       |     5 |     3 |     4 ||    12
    Use: Scroll            |       |     9 |     1 |     3 ||    13
         Potion            |       |     4 |     4 |     2 ||    10
 Armour: Robe              |     3 |     3 |    15 |    35 ||    56
  Dodge: Dodged            |    21 |    21 |    23 |    61 ||   126
